AoeStats
← Lancia57DxD

Arena

509150690Analyzed
4v4 RM · 7d ago on Sep 25, 2026· 57m 37s· 8 players
Game mode
Random Map
Map size
Large (8 player)
Population
200
Speed
Normal
Resources
Standard
Victory
Conquest
Starting age
Dark Age
Ending age
Imperial Age
RankedLock teamsTeams togetherTeam positionsShared explorationLock speedFull tech treeHidden civsTurbo modeCheats
Victory
Defeat
🇫🇷 Ethiopians · France
1145
+11
🇫🇷 Bohemians · France
1019
+16
🇫🇷 Mongols · France
1016
+16
🇦🇷 Burgundians · Argentina
1006
+16
🇺🇸 Slavs · United States
1040
-16
🇹🇼 Poles · Taiwan
1032
-15
1022
-15
🇨🇿 Teutons · Czechia
982
-13
bjharris17
2:54 Loom
12:07 Feudal Age
18:26 Castle Age
16:57 Horse Collar
18:14 Scale Mail Armor
19:06 Double-Bit Axe
19:21 Pikeman
21:11 Bow Saw
21:59 Forging
24:35 Wheelbarrow
32:33 Imperial Age
31:23 Bloodlines
32:19 Fletching
32:29 Padded Archer Armor
32:42 Onager
33:30 Elite Skirmisher
34:05 Light Cavalry
35:05 Hand Cart
35:23 Hussar
37:28 Iron Casting
38:01 Conscription
39:54 Man-at-Arms
39:58 Halberdier
44:47 Blast Furnace
44:40 Heavy Plow
44:30 Town Watch
45:12 Scale Barding Armor
49:34 Druzhina
51:38 Siege Engineers
51:54 Ballistics
51:52 Chain Mail Armor
51:58 Chain Barding Armor
53:09 Elite Boyar
54:08 Siege Onager
55:00 Caravan
Grubik
11:09 Feudal Age
9:30 Loom
12:24 Double-Bit Axe
16:25 Castle Age
17:45 Bow Saw
22:08 Horse Collar
24:07 Caravan
26:45 Heavy Plow
30:24 Fortified Wall
33:04 Imperial Age
30:47 Squires
30:33 Arson
31:20 Gold Mining
31:20 Stone Mining
31:43 Masonry
33:47 Wheelbarrow
33:51 Forging
33:41 Scale Mail Armor
34:07 Conscription
34:53 Chemistry
34:34 Stone Shaft Mining
35:01 Two-Man Saw
34:47 Crop Rotation
35:49 Iron Casting
35:30 Chain Mail Armor
35:24 Siege Engineers
36:20 Crenellations
36:03 Arson
36:19 Squires
35:40 Pikeman
37:29 Plate Mail Armor
37:16 Halberdier
40:27 Blast Furnace
40:35 Hand Cart
40:06 Town Watch
40:22 Elite Teutonic Knight
42:59 Ironclad
43:15 Hoardings
48:49 Capped Ram
56:25 Ballistics
56:14 Scale Barding Armor
56:10 Onager
Prof. Dr. Abuzer KÖMÜRCÜ
7:50 Double-Bit Axe
10:51 Feudal Age
9:07 Horse Collar
13:04 Gold Mining
17:48 Castle Age
16:31 Bow Saw
16:25 Heavy Plow
17:17 Gold Shaft Mining
16:46 Loom
20:29 Wheelbarrow
22:20 Cavalier
23:27 Scale Barding Armor
23:33 Forging
27:38 Chain Barding Armor
27:54 Iron Casting
28:30 Hand Cart
29:01 Crop Rotation
32:31 Imperial Age
30:23 Light Cavalry
33:17 Fortified Wall
32:53 Paladin
32:59 Hussar
36:17 Chemistry
35:38 Ballistics
37:16 Plate Barding Armor
37:42 Blast Furnace
50:57 Caravan
54:17 Burgundian Vineyards
Lancia57DxD
8:46 Loom
10:40 Feudal Age
13:08 Horse Collar
13:25 Double-Bit Axe
18:16 Castle Age
16:50 Scale Barding Armor
17:02 Gold Mining
17:49 Bloodlines
19:20 Light Cavalry
20:35 Forging
26:26 Wheelbarrow
26:17 Bow Saw
26:14 Heavy Plow
26:05 Loom
41:37 Fletching
42:12 Caravan
43:02 Bodkin Arrow
43:09 Padded Archer Armor
45:29 Thumb Ring
47:10 Leather Archer Armor
54:38 Husbandry
55:58 Chain Barding Armor
56:14 Iron Casting
56:06 Hand Cart
Kim jong-un
10:00 Feudal Age
13:52 Castle Age
12:17 Double-Bit Axe
13:19 Stone Mining
14:44 Bow Saw
20:21 Scale Mail Armor
21:20 Gold Mining
23:33 Arson
25:27 Forging
26:33 Chain Mail Armor
26:36 Squires
29:04 Horse Collar
31:47 Royal Heirs
31:57 Town Watch
31:58 Loom
33:34 Gold Shaft Mining
33:34 Stone Shaft Mining
33:02 Heavy Plow
35:55 Imperial Age
34:08 Wheelbarrow
35:46 Iron Casting
36:11 Hand Cart
37:01 Conscription
36:02 Elite Shotel Warrior
36:23 Man-at-Arms
38:10 Two-Man Saw
38:57 Fortified Wall
40:46 Plate Mail Armor
41:17 Blast Furnace
40:46 Halberdier
42:14 Onager
43:22 Siege Engineers
47:31 Chemistry
46:28 Murder Holes
47:04 Torsion Engines
49:47 Heavy Scorpion
56:26 Ballistics
56:03 Fletching
56:25 Guilds
Siller
9:52 Feudal Age
13:47 Double-Bit Axe
16:14 Castle Age
14:41 Double-Bit Axe
15:02 Horse Collar
22:52 Fletching
24:24 Loom
24:32 Crossbowman
27:09 Padded Archer Armor
27:05 Bodkin Arrow
31:05 Leather Archer Armor
31:13 Thumb Ring
31:20 Gold Mining
31:21 Stone Mining
32:34 Ballistics
33:58 Wheelbarrow
37:31 Imperial Age
35:21 Hand Cart
38:09 Bow Saw
38:02 Heavy Plow
38:40 Elite Mangudai
42:08 Bracer
43:16 Chemistry
Tom
7:42 Double-Bit Axe
11:15 Feudal Age
10:12 Horse Collar
14:57 Castle Age
13:42 Bow Saw
14:04 Stone Mining
20:01 Wheelbarrow
21:33 Gold Mining
22:54 Gold Shaft Mining
22:56 Stone Shaft Mining
24:51 Two-Man Saw
24:30 Hand Cart
25:25 Heavy Plow
28:54 Imperial Age
26:11 Treadmill Crane
26:47 Forging
26:42 Scale Barding Armor
27:45 Crop Rotation
28:10 Burgundian Vineyards
30:23 Iron Casting
30:08 Chain Barding Armor
30:14 Conscription
32:12 Blast Furnace
31:15 Elite Coustillier
32:45 Plate Barding Armor
32:14 Loom
32:17 Town Watch
32:41 Husbandry
35:03 Chemistry
34:17 Masonry
34:35 Town Patrol
38:44 Architecture
39:03 Murder Holes
39:29 Ballistics
39:02 Fletching
40:21 Bodkin Arrow
48:30 Light Cavalry
49:16 Hussar
54:45 Caravan
PUR Vortex
11:40 Feudal Age
11:56 Loom
15:35 Castle Age
13:20 Horse Collar
19:18 Double-Bit Axe
22:06 Imperial Age
22:54 Chemistry
34:49 Bow Saw
35:26 Fortified Wall
38:11 Siege Engineers
38:18 Town Watch
40:26 Wheelbarrow
41:17 Town Patrol
44:19 Hand Cart
44:19 Squires
43:40 Pikeman
45:15 Conscription
44:56 Halberdier
45:42 Scale Mail Armor
47:50 Elite Hussite Wagon
49:13 Chain Mail Armor
49:08 Forging
49:48 Masonry
51:20 Two-Man Saw
51:36 Iron Casting
52:16 Plate Mail Armor
55:49 Blast Furnace
56:36 Architecture
Connection lost

Rejoining the realm…

Still unreachable

The connection could not be restored.

Session expired

The server has moved on; the page needs a fresh start.